 Dungeon Crawl Stone Soup version 0.29.1-15-g9cfb28693d (webtiles) character file.

Game seed: 5779765956857613951

3474 croobank the Destroyer (level 10, -13/74 HPs)
             Began as a Gnoll Conjurer on May 2, 2023.
             Was an Elder of Vehumet.
             Killed from afar by an acid dragon (28 damage)
             ... with a splash of acid
             ... on level 8 of the Dungeon.
             The game lasted 00:28:24 (8899 turns).

croobank the Destroyer (Gnoll Conjurer)             Turns: 8899, Time: 00:28:25

Health: -13/74     AC:  6    Str:  7    XL:     10   Next: 6%
Magic:  1/20       EV: 15    Int: 22    God:    Vehumet [****..]
Gold:   682        SH:  0    Dex: 16    Spells: 4/23 levels left

rFire   + . .      SeeInvis .   S - +3 dagger
rCold   . . .      Faith    .   (no shield)
rNeg    . . .      Spirit   .   C - +2 robe {rF+}
rPois   .          Reflect  .   E - +0 helmet
rElec   .          Harm     .   (no cloak)
rCorr   .          Rampage  .   z - +0 pair of gloves
Will    .....                   (no boots)
Stlth   ++++++....              (no amulet)
HPRegen 0.22/turn               t - +6 ring of dexterity
MPRegen 0.17/turn               U - ring of Shadows {Umbra +Inv Stlth+}

@: wreathed by umbra
A: fangs 1, strong nose, distributed training
a: Renounce Religion, Evoke Invisibility


You were on level 8 of the Dungeon.
You worshipped Vehumet.
Vehumet was greatly pleased with you.
You visited 1 branch of the dungeon, and saw 8 of its levels.

You collected 1059 gold pieces.
You spent 377 gold pieces at shops.

Inventory:

Hand Weapons
 a - a +1 dagger of venom
 l - a +0 scimitar
 q - a +0 antimagic battleaxe
 w - a +0 long sword
 x - a +1 short sword of flaming
 F - a +1 flail of holy wrath
 L - a +5 hand axe
 M - a +0 war axe
 Q - a +4 spear
 R - a +6 battleaxe
 S - a +3 dagger (weapon)
Missiles
 j - 7 boomerangs
 v - 10 poisoned darts
Armour
 e - +0 steam dragon scales
 f - a +0 leather armour of willpower
 z - a +0 pair of gloves (worn)
 A - a +0 kite shield
 C - a +2 robe of fire resistance (worn)
 E - a +0 helmet (worn)
Magical Staves
 n - a staff of fire
 y - a staff of poison
 O - a staff of death
Jewellery
 p - an amulet of guardian spirit
 t - a +6 ring of dexterity (left hand)
 u - a ring of willpower
 U - the ring of Shadows (right hand) {Umbra +Inv Stlth+}
   (You found it on level 8 of the Dungeon)

   [ring of stealth]

   It surrounds you with an aura of shadow, increasing your stealth and reducing
   the accuracy of all others within it.
   +Inv:      It lets you turn invisible.
   Stlth:     It makes you more stealthy.
Wands
 k - a wand of paralysis (11)
 J - a wand of iceblast (11)
 P - a wand of light (8)
Scrolls
 m - a scroll of magic mapping
 r - a scroll of brand weapon {unknown}
 K - a scroll of poison
 N - a scroll of vulnerability
 T - a scroll of noise {unknown}
 V - a scroll of enchant armour {unknown}
 X - a scroll of teleportation {unknown}
Potions
 b - 3 potions of magic
 c - a potion of haste
 d - 2 potions of invisibility
 g - a potion of lignification
 h - a potion of cancellation
 i - a potion of mutation
 o - 3 potions of might
 s - 2 potions of brilliance
 B - 4 potions of attraction
 D - 3 potions of curing
 G - a potion of heal wounds {unknown}
 H - a potion of berserk rage {unknown}
 I - a potion of flight {unknown}


   Skills:
 + Level 5.1 Fighting
 + Level 5.1 Short Blades
 + Level 5.1 Long Blades
 + Level 5.1 Axes
 + Level 5.1 Maces & Flails
 + Level 5.1 Polearms
 + Level 5.1 Staves
 + Level 5.1 Ranged Weapons
 + Level 5.1 Throwing
 + Level 5.1 Armour
 + Level 6.9 Dodging
 + Level 6.6 Stealth
 + Level 5.1 Shields
 + Level 5.1 Unarmed Combat
 + Level 7.2 Spellcasting
 + Level 8.3 Conjurations
 + Level 4.2 Hexes
 + Level 4.2 Summonings
 + Level 4.2 Necromancy
 + Level 4.2 Translocations
 + Level 4.2 Transmutations
 + Level 4.2 Fire Magic
 + Level 4.2 Ice Magic
 + Level 4.2 Air Magic
 + Level 4.2 Earth Magic
 + Level 4.2 Poison Magic
 + Level 5.6 Invocations
 + Level 5.1 Evocations


You had 4 spell levels left.
You knew the following spells:

 Your Spells              Type           Power      Damage    Failure   Level
a - Magic Dart            Conj           100%       1d8       1%          1
b - Searing Ray           Conj           88%        2d7       1%          2
c - Foxfire               Conj/Fire      100%       2x1d9     1%          1
d - Mephitic Cloud        Conj/Pois/Air  32%        N/A       1%          3
e - Iskenderun's Mystic   Conj/Tloc      35%        2d8       1%          4
f - Frozen Ramparts       Ice            52%        1d8       1%          3
g - Lee's Rapid Deconstr  Erth           13%        3d10*     11%         5

Your spell library contained the following spells:

 Spells                   Type           Power      Damage    Failure   Level
 Dazzling Flash           Conj/Hex       70%        N/A       1%          3
 Fulminant Prism          Conj/Hex       17%        3d11      1%          4
 Call Canine Familiar     Summ           26%        N/A       4%          3
 Portal Projectile        Hex/Tloc       52%        N/A       4%          3
 Leda's Liquefaction      Hex/Erth       13%        N/A       14%         4


Dungeon Overview and Level Annotations

Branches:
Dungeon (8/15)             Temple (0/1) D:7
   Lair: D:8-11

Altars:
Fedhas
Hepliaklqana
Nemelex Xobeh
Ru
Vehumet
Wu Jian
Yredelemnul

Shops:
D:8 *


Innate Abilities, Weirdness & Mutations

You have very sharp teeth.
Your uncanny sense of smell can sniff out nearby items.
Your experience applies equally to all skills.


Message History

The acid dragon is severely wounded. (Press . to maintain the ray.)
The acid dragon misses you.
The acid dragon claws you but does no damage.
The searing ray hits the acid dragon.
The acid dragon is almost dead.
The acid dragon barely misses you. x2
The searing ray misses the acid dragon.
A centaur comes into view.
The acid dragon closely misses you.
The acid dragon claws you but does no damage.
The centaur wields a +0 shortbow.
The centaur shoots an arrow.
The arrow closely misses you.
The searing ray misses the acid dragon.
You finish channelling your searing ray.
The centaur shoots an arrow.
The arrow hits you! The acid dragon spits acid at you.
The splash of acid hits you!
You closely miss the acid dragon.
The acid dragon is almost dead.
The centaur shoots an arrow.
The arrow hits you. The acid dragon bites you! The acid dragon claws you.
You hit the acid dragon but do no damage.
The acid dragon is almost dead.
The centaur shoots an arrow.
The arrow hits you.
* * * LOW HITPOINT WARNING * * *
The acid dragon bites you.
* * * LOW HITPOINT WARNING * * *
The acid dragon closely misses you.
The centaur shoots an arrow.
The arrow closely misses you.
Okay, then.
As you read the scroll of summoning, it crumbles to dust.
Wisps of shadow whirl around you...
The centaur shoots an arrow.
The arrow hits your orc!
Your orc dies!
Your orc's corpse dissolves into shadows!
A bullfrog comes into view.
The acid dragon spits acid at you. The splash of acid hits you!!
You die...

... ...###... ..<.. ...#
#.......###.F. ....
#...##.....# ....
#..........# ∆ ....##
#####..?#....####.
.....###.#..........#....
.....#........c.K..>......
.....8.<.∩.8K.......#.....
.............KK.@S..##...#
..............##D........#
........##.K.####o..####..
.....#.......# #..†.# ..
#<...#.###....#..##.c...
###.#............# ......
#[#..........#.. ..##..
##.[........##.. #.. .
##......... #... ...


You could see an acid dragon (catching breath, ally target), a bullfrog, a
centaur, a friendly water moccasin (summoned), a friendly kobold brigand
(summoned), a friendly centaur (summoned), a friendly orc (summoned) and 4
friendly kobolds.

Vanquished Creatures
  Pikel (D:4)
  Prince Ribbit (D:8)
  Eustachio (D:5)
  4 steam dragons
  An orc warrior (D:6)
  2 ice beasts
  2 black bears (D:5)
  An ogre (D:5)
  4 lemures
  A phantom (D:7)
  A kobold brigand (D:5)
  2 bullfrogs
  5 scorpions
  A gnoll sergeant (D:7)
  7 wights
  3 killer bees
  A howler monkey (D:6)
  A hound (D:5)
  2 jellies (D:6)
  2 orc priests
  3 iguanas
  An orc wizard (D:7)
  Robin (D:4)
  6 adders
  5 gnolls (D:7)
  2 white imps (D:6)
  A worm (D:3)
  A dart slug (D:3)
  15 orcs
  7 ball pythons
  6 endoplasms
  9 giant cockroaches
  10 goblins
  11 hobgoblins
  6 jackals (D:2)
  2 quokkas
  7 bats
  A frilled lizard (D:2)
  8 kobolds
  8 rats
  A spectral goblin (D:1)
154 creatures vanquished.

Vanquished Creatures (others)
  100 foxfires
  2 fungi (D:4)
102 creatures vanquished.

Grand Total: 256 creatures vanquished

Notes
Turn   | Place    | Note
-------+----------+-------------------------------------------
     0 | D:1      | croobank the Gnoll Conjurer began the quest for the Orb.
     0 | D:1      | Reached XP level 1. HP: 13/13 MP: 6/6
   241 | D:1      | Reached XP level 2. HP: 19/19 MP: 3/7
   298 | D:1      | Learned a level 2 spell: Searing Ray
   562 | D:1      | Found a faded altar of an unknown god.
   572 | D:1      | Prayed at the altar of an unknown god.
   572 | D:1      | Became a worshipper of Vehumet
   572 | D:1      | Reached * piety under Vehumet
   572 | D:1      | Offered knowledge of Foxfire by Vehumet.
   575 | D:1      | Learned a level 1 spell: Foxfire
  1034 | D:2      | Reached skill level 5 in Spellcasting
  1034 | D:2      | Reached XP level 3. HP: 25/25 MP: 5/9
  1143 | D:2      | Reached skill level 1 in Invocations
  1362 | D:2      | Offered knowledge of Sandblast by Vehumet.
  1363 | D:2      | Reached skill level 1 in Fighting
  1363 | D:2      | Reached skill level 1 in Short Blades
  1363 | D:2      | Reached skill level 1 in Long Blades
  1363 | D:2      | Reached skill level 1 in Axes
  1363 | D:2      | Reached skill level 1 in Maces & Flails
  1363 | D:2      | Reached skill level 1 in Polearms
  1363 | D:2      | Reached skill level 1 in Staves
  1363 | D:2      | Reached skill level 1 in Ranged Weapons
  1363 | D:2      | Reached skill level 1 in Throwing
  1363 | D:2      | Reached skill level 1 in Armour
  1363 | D:2      | Reached skill level 1 in Shields
  1363 | D:2      | Reached skill level 1 in Unarmed Combat
  1363 | D:2      | Reached skill level 1 in Evocations
  1559 | D:2      | Reached ** piety under Vehumet
  1732 | D:2      | Reached XP level 4. HP: 32/32 MP: 11/11
  2084 | D:3      | Found a sacrificial altar of Ru.
  2465 | D:3      | Reached skill level 1 in Hexes
  2465 | D:3      | Reached skill level 1 in Summonings
  2465 | D:3      | Reached skill level 1 in Necromancy
  2465 | D:3      | Reached skill level 1 in Translocations
  2465 | D:3      | Reached skill level 1 in Transmutations
  2465 | D:3      | Reached skill level 1 in Fire Magic
  2465 | D:3      | Reached skill level 1 in Ice Magic
  2465 | D:3      | Reached skill level 1 in Air Magic
  2465 | D:3      | Reached skill level 1 in Earth Magic
  2465 | D:3      | Reached skill level 1 in Poison Magic
  2485 | D:3      | Noticed a scorpion
  2496 | D:3      | Killed a scorpion
  2497 | D:3      | Reached XP level 5. HP: 25/37 MP: 3/12
  3390 | D:4      | Reached skill level 5 in Dodging
  3390 | D:4      | Reached XP level 6. HP: 18/44 MP: 2/14
  3826 | D:4      | Offered knowledge of Mephitic Cloud by Vehumet.
  3827 | D:4      | Noticed Robin
  4043 | D:3      | Learned a level 3 spell: Mephitic Cloud
  4055 | D:4      | Killed Robin
  4721 | D:4      | Noticed Pikel
  4734 | D:4      | Killed Pikel
  4735 | D:4      | Reached skill level 5 in Stealth
  4735 | D:4      | Reached XP level 7. HP: 51/51 MP: 1/15
  4954 | D:5      | Entered Level 5 of the Dungeon
  4976 | D:5      | Reached XP level 8. HP: 55/58 MP: 10/16
  5036 | D:5      | Learned a level 4 spell: Iskenderun's Mystic Blast
  5262 | D:5      | Identified a scroll of acquirement
  5262 | D:5      | Acquired 684 gold pieces
  5286 | D:5      | Found an ornate altar of the Wu Jian Council.
  5516 | D:5      | Found a basalt altar of Yredelemnul.
  5519 | D:5      | Noticed Eustachio
  5544 | D:5      | Killed Eustachio
  5662 | D:5      | Found a hazy altar of Hepliaklqana.
  5845 | D:6      | Reached *** piety under Vehumet
  6586 | D:6      | Reached XP level 9. HP: 36/65 MP: 1/18
  6816 | D:6      | Offered knowledge of Frozen Ramparts by Vehumet.
  7078 | D:6      | Learned a level 3 spell: Frozen Ramparts
  7101 | D:6      | Reached skill level 8 in Conjurations
  7386 | D:7      | Reached skill level 5 in Invocations
  8041 | D:7      | Reached **** piety under Vehumet
  8243 | D:7      | Found a staircase to the Ecumenical Temple.
  8256 | D:7      | Found a sparkling altar of Nemelex Xobeh.
  8610 | D:7      | Found a blossoming altar of Fedhas.
  8713 | D:8      | Found the ring of Shadows {Umbra +Inv Stlth+}
  8714 | D:8      | Found Zaenwi's Assorted Antiques.
  8717 | D:8      | Offered knowledge of Lee's Rapid Deconstruction by Vehumet.
  8853 | D:8      | Bought a scroll labelled SEDENI DELAYG for 26 gold pieces
  8853 | D:8      | Bought a scroll of summoning for 247 gold pieces
  8853 | D:8      | Bought a scroll labelled MIZENO BICIT for 26 gold pieces
  8853 | D:8      | Bought a potion of curing for 78 gold pieces
  8862 | D:8      | Reached skill level 5 in Fighting
  8862 | D:8      | Reached skill level 5 in Short Blades
  8862 | D:8      | Reached skill level 5 in Long Blades
  8862 | D:8      | Reached skill level 5 in Axes
  8862 | D:8      | Reached skill level 5 in Maces & Flails
  8862 | D:8      | Reached skill level 5 in Polearms
  8862 | D:8      | Reached skill level 5 in Staves
  8862 | D:8      | Reached skill level 5 in Ranged Weapons
  8862 | D:8      | Reached skill level 5 in Throwing
  8862 | D:8      | Reached skill level 5 in Armour
  8862 | D:8      | Reached skill level 5 in Shields
  8862 | D:8      | Reached skill level 5 in Unarmed Combat
  8862 | D:8      | Reached skill level 5 in Evocations
  8862 | D:8      | Reached XP level 10. HP: 72/73 MP: 20/20
  8868 | D:8      | Learned a level 5 spell: Lee's Rapid Deconstruction
  8878 | D:8      | Noticed Prince Ribbit
  8884 | D:8      | Killed Prince Ribbit
  8899 | D:8      | Killed from afar by an acid dragon

Illustrated notes

Levels and vault maps discovered:
D:1:      dpeg_arrival_snail, layout_loops_ring,
          dreamdust_ecumenical_altar_drowned_temple, minivault_26, st_stairs_12
D:2:      layout_loops_cross, kennysheep_path_1, grunt_decor_mini_mirrors,
          minmay_tiny_reverse_x
D:3:      minmay_skewed_foursquare, layout_loops_ring,
          nicolae_ru_sacrificial_ziggurat, serial_park_tiny_1,
          minmay_hedge_maze, uniq_jessica
D:4:      layout_loops_ring, serial_aquarium, aquarium_bridge_square
          [aquarium_subvault_wall, aquarium_subvault_bridge,
          aquarium_subvault_balcony, aquarium_subvault_bridge],
          aquarium_window_fake, aquarium_window_fake, aquarium_view_2b,
          aquarium_pool_corner, nicolae_figureground_sparkle, uniq_robin,
          uniq_pikel
D:5:      layout_rooms, mainiacjoe_overflow_small_starburst, old_standard_altar,
          lemuel_crystal_altar, uniq_eustachio
D:6:      cheibrodos_steamvent, layout_basic
D:7:      layout_rooms, kennysheep_mini, fedhas_altar_fruit_tree,
          minmay_temple_entry_trees
D:8:      minmay_inner_zag, layout_cave_pools, david_lair_shrubbed,
          serial_shops, shop_statue, nicolae_stop_n_shop_1, nicolae_shop_stone,
          uniq_amaemon, uniq_prince_ribbit1

Skill      XL: |  1  2  3  4  5  6  7  8  9 |
---------------+----------------------------+-----
Spellcasting   | 5 6 7 |  7.2
Invocations    | 1 2 3 4 5 |  5.6
Fighting       | 1 2 3 5 |  5.1
Short Blades   | 1 2 3 5 |  5.1
Long Blades    | 1 2 3 5 |  5.1
Axes           | 1 2 3 5 |  5.1
Maces & Flails | 1 2 3 5 |  5.1
Polearms       | 1 2 3 5 |  5.1
Staves         | 1 2 3 5 |  5.1
Ranged Weapons | 1 2 3 5 |  5.1
Throwing       | 1 2 3 5 |  5.1
Armour         | 1 2 3 5 |  5.1
Shields        | 1 2 3 5 |  5.1
Unarmed Combat | 1 2 3 5 |  5.1
Evocations     | 1 2 3 5 |  5.1
Hexes          | 1 2 3 4 |  4.2
Summonings     | 1 2 3 4 |  4.2
Necromancy     | 1 2 3 4 |  4.2
Translocations | 1 2 3 4 |  4.2
Transmutations | 1 2 3 4 |  4.2
Fire Magic     | 1 2 3 4 |  4.2
Ice Magic      | 1 2 3 4 |  4.2
Air Magic      | 1 2 3 4 |  4.2
Earth Magic    | 1 2 3 4 |  4.2
Poison Magic   | 1 2 3 4 |  4.2
Dodging        | 5 6 |  6.9
Stealth        | 5 6 |  6.6
Conjurations   | 8 |  8.3

Action                   |  1- 3 |  4- 6 |  7- 9 | 10-12 || total
-------------------------+-------+-------+-------+-------++-------
Melee: Falchion          |     1 |       |       |       ||     1
       Staff             |     3 |     1 |       |       ||     4
       Dagger            |       |    20 |    32 |     2 ||    54
       Bite              |       |     3 |     2 |       ||     5
       Short sword       |       |       |     7 |       ||     7
 Cast: Magic Dart        |    26 |     7 |    35 |       ||    68
       Foxfire           |    32 |    12 |    15 |       ||    59
       Searing Ray       |     6 |    36 |    31 |     4 ||    77
       Mephitic Cloud    |       |     2 |     3 |       ||     5
       Iskenderun's Myst |       |       |    17 |     3 ||    20
       Frozen Ramparts   |       |       |     1 |       ||     1
Evoke: Wand              |       |       |     1 |       ||     1
  Use: Scroll            |       |     8 |    10 |     1 ||    19
       Potion            |       |     1 |     2 |       ||     3
 Stab: Sleeping          |       |       |    15 |       ||    15
       Confused          |       |       |     1 |       ||     1
       Paralysed         |       |       |     1 |       ||     1
Armor: Robe              |     9 |    15 |    30 |     2 ||    56
Dodge: Dodged            |    19 |    50 |    96 |     8 ||   173
